 Dungeon Sprint DCSS version 0.27-a0-93-g19769c27d7 (webtiles) character file.

Game seed: 706133344195813545

38581 mhtbhm the Executioner (level 13, -1/210 HPs)
             Began as a Minotaur Berserker on Jan 17, 2021.
             Was the Champion of Trog.
             Succumbed to their own poison gas
             ... in the Dungeon (Sprint V: "Ziggurat Sprint").
             The game lasted 00:05:35 (1475 turns).

mhtbhm the Executioner (Minotaur Berserker)         Turns: 1475, Time: 00:05:36

Health: -1/210     AC: 37    Str: 34    XL:     13   Next: 64%
Magic:  12/12      EV:  7    Int:  4    God:    Trog [******]
Gold:   0          SH: 34    Dex:  9    Spells: 12/12 levels left

rFire    + . .     SeeInvis +   y - +14 obsidian axe {vorpal, +Fly SInv *Curse} (curse)
rCold    . . .     Faith    .   b - +18 shield of the Gong {rElec rN+ Will+ EV-5}
rNeg     + + .     Spirit   .   a - +15 Maxwell's patent armour {-Cast -Tele rElec Will+ rCorr}
rPois    .         Reflect  .   (helmet restricted)
rElec    +         Harm     .   j - +1 cloak {Will+}
rCorr    +         Rampage  .   (no gloves)
Will     +++++     Clarity  +   F - +0 pair of boots {run} Stlth ..........NoTele +
                                C - amulet of the Four Winds {rN+ Will+++ Clar}
HPRegen  0.45/turn NoCast   +   o - +6 ring of strength
MPRegen  0.13/turn              k - ring "Lal Fiu" {rF+ Will+ rCorr Slay+2 Stlth+}

@: berserking, lethally poisoned (-1 -> -63), studying Armour, very quick
A: retaliatory headbutt, horns 2
a: Renounce Religion, Evoke Flight, Berserk, Trog's Hand, Brothers in Arms


You were in the Dungeon.
You worshipped Trog.
Trog was exalted by your worship.
You visited 1 branch

Inventory:

Hand Weapons
 y - the cursed +14 obsidian axe (weapon) {vorpal, +Fly SInv *Curse}
   (You found it in the Dungeon)

   It inflicts extra damage upon your enemies.
   It lets you see invisible.
   It lets you fly.
   It curses itself when equipped.
   It has a curse placed upon it.
Armour
 a - the +15 Maxwell's patent armour (worn) {-Cast -Tele rElec Will+ rCorr}
   (You found it in the Dungeon)

   It insulates you from electricity.
   It affects your willpower, your defense against some magical effects.
   It prevents spellcasting.
   It prevents most forms of teleportation.
   It provides partial protection from all sources of acid and corrosion.
 b - the +18 shield of the Gong (worn) {rElec rN+ Will+ EV-5}
   (You found it in the Dungeon)

   It affects your evasion (-5).
   It insulates you from electricity.
   It protects you from negative energy.
   It affects your willpower, your defense against some magical effects.
 j - a +1 cloak of willpower (worn)
 F - a +0 pair of boots of running (worn)
Jewellery
 i - the ring "Inasamnikk" {rN+ Int+4 Dex-4 SInv Stlth+}
   (You found it in the Dungeon)

   [ring of see invisible]

   It affects your intelligence (+4).
   It affects your dexterity (-4).
   It protects you from negative energy.
   It lets you see invisible.
   It makes you more stealthy.
 k - the ring "Lal Fiu" (right hand) {rF+ Will+ rCorr Slay+2 Stlth+}
   (You found it in the Dungeon)

   [ring of resist corrosion]

   It affects your accuracy and damage with ranged weapons and melee attacks
   (+2).
   It protects you from fire.
   It affects your willpower, your defense against some magical effects.
   It provides partial protection from all sources of acid and corrosion.
   It makes you more stealthy.
 l - the ring of Existentialism {rF++ EV+4}
   (You found it in the Dungeon)

   [ring of evasion]

   It affects your evasion (+4).
   It greatly protects you from fire.
 n - the ring of the Morning {rN+ Str+4}
   (You found it in the Dungeon)

   [ring of positive energy]

   It affects your strength (+4).
   It protects you from negative energy.
 o - a +6 ring of strength (left hand)
 C - the amulet of the Four Winds (around neck) {rN+ Will+++ Clar}
   (You found it in the Dungeon)

   [amulet of nothing]

   It protects you from negative energy.
   It affects your willpower, your defense against some magical effects.
   It protects you against confusion.
Wands
 p - a wand of disintegration (7)
 q - a wand of iceblast (7)
 r - a wand of acid (7)
Scrolls
 h - 4 scrolls of blinking
 m - 2 scrolls of brand weapon
 s - 7 scrolls of fog
 t - a scroll of holy word
 u - 5 scrolls of identify
 v - 5 scrolls of remove curse
 w - 2 scrolls of fear
Potions
 c - 10 potions of curing
 d - 10 potions of heal wounds
 e - 6 potions of haste
 f - 7 potions of magic
 g - 3 potions of berserk rage
 x - 2 potions of invisibility
 z - 4 potions of resistance
 A - a potion of experience
 B - 5 potions of might
Books
 D - a manual of Armour
Miscellaneous
 E - a phantom mirror
 G - a tin of tremorstones (2/2)
 H - a condenser vane
 I - a phantom mirror
 J - a phantom mirror


   Skills:
 + Level 20.4 Fighting
 + Level 24.3 Axes
 + Level 16.9 Armour
 + Level 7.0 Dodging
 + Level 9.8 Stealth
 + Level 18.5 Shields
 + Level 4.3 Evocations


You had 12 spell levels left.
You didn't know any spells.
Your spell library was empty.

Dungeon Overview and Level Annotations

Branches:
Dungeon (1/1)

Altars:
Ashenzari
Cheibriados
Dithmenos
Elyvilon
Fedhas
Gozag
Hepliaklqana
Kikubaaqudgha
Makhleb
Nemelex Xobeh
Okawaru
Qazlal
Ru
Sif Muna
Trog
Uskayaw
Vehumet
Wu Jian
Xom
Yredelemnul
Zin
The Shining One
Beogh
Jiyva
Lugonu

Annotations:
D 1 transporter


Innate Abilities, Weirdness & Mutations

You reflexively headbutt those who attack you in melee.
You have a pair of horns on your head.


Message History

You slash the yellow draconian! You open a gate to Pandemonium!
A demon appears!
You headbutt the yellow draconian!
The yellow draconian is severely wounded.
* * * LOW HITPOINT WARNING * * *
You feel sick.
Unknown command.
You slice the yellow draconian!! You open a gate to Pandemonium!
A demon appears!
You break out of your daze!
You kill the yellow draconian!
Trog accepts your kill.
* * * LOW HITPOINT WARNING * * *
You feel very sick.
* * * LOW HITPOINT WARNING * * *
You feel very sick.
You feel a strong urge to attack something.
* * * LOW HITPOINT WARNING * * *
You feel very sick.
You are too berserk!
You die...

▓.°☼°○○○[○☼.▓...©....
▓...°..°°.§.▓▓▓▓▓▓▓▓▓
▓..°.§°○.°☼.▓...8©8..
▓....§§§☼...▓...|.}..
▓...)3○§....▓....:[..
▓..3.°).....▓........
▓..▓.)))°▓..▓.....().
▓.....°)....▓.....).(
▓...@.©°°...▓....(.()
▓▓▓▓▓▓▓▓▓▓▓▓▓.▓....(▓
▓....8©8....▓....©...
▓..:)):=.[..▓▓▓▓▓▓▓▓▓
▓...})}[....▓...8©8..
▓....(())...▓..})))).
▓....)).....▓...}.§..
▓....)))....▓........
▓....†).....▓........


You could see a friendly sixfirhy (summoned) and a friendly smoke demon
(summoned).

Vanquished Creatures
  2 tentacled monstrosities (D)
  A lich (D)
  A death cob (D)
  A shadow dragon (D)
  A frost giant (D)
  A stone giant (D)
  2 green draconians (D)
  4 black draconians (D)
  A purple draconian (D)
  A white draconian (D)
  2 yellow draconians (D)
  3 merfolk javelineers (D)
  A merfolk impaler (D)
  6 vault guards (D)
  3 two-headed ogres (D)
  An alligator snapping turtle (D)
  A satyr (D)
  2 starcursed masses (D)
  A manticore (D)
  4 cyclopes (D)
  2 black mambas (D)
  A cane toad (D)
  A rime drake (D)
  An ice devil (D)
  A komodo dragon (D)
  A yaktaur (D)
  2 merfolk (D)
  2 trolls (D)
  3 wind drakes (D)
  5 air elementals (D)
  3 spriggans (D)
  2 yaks (D)
  2 nagas (D)
  2 water moccasins (D)
  4 ice beasts (D)
  An ogre (D)
  2 centaurs (D)
  2 wolves (D)
  A bullfrog (D)
  An iguana (D)
  4 adders (D)
  A river rat (D)
  2 white imps (D)
  A bat simulacrum (D)
  5 jackals (D)
91 creatures vanquished.

Vanquished Creatures (collateral kills)
  A frost giant (D)
  2 two-headed ogres (D)
  A wind drake (D)
  An air elemental (D)
  A wolf (D)
  A centaur (D)
  A bullfrog (D)
8 creatures vanquished.

Vanquished Creatures (others)
  2 deep elf magi (D)
2 creatures vanquished.

Grand Total: 101 creatures vanquished

Notes
Turn   | Place    | Note
-------+----------+-------------------------------------------
     0 | D        | mhtbhm the Minotaur Berserker began the quest for the Orb.
     0 | D        | Reached XP level 1. HP: 19/19 MP: 0/0
     2 | D        | Found a blossoming altar of Fedhas.
     3 | D        | Found the +6 Majin-Bo {vamp, MP+6 Int+6}
     3 | D        | Found the +9 heavy crossbow "Sniper" {vorpal, Acc+∞ SInv}
     3 | D        | Found the +10 dark maul {vorpal}
     3 | D        | Found the +15 Maxwell's patent armour {-Cast -Tele rElec
                  | Will+ rCorr}
     3 | D        | Found the +18 shield of the Gong {rElec rN+ Will+ EV-5}
     3 | D        | Found the cursed +14 obsidian axe {vorpal, +Fly SInv
                  | *Curse}
     3 | D        | Found the +7 great mace "Firestarter" {inner flame, rF++}
     3 | D        | Found the +6 shillelagh "Devastator" {shatter}
     3 | D        | Found the +11 plutonium sword {*Contam Stlth-}
     3 | D        | Found the +8 lance "Wyrmbane" {slay drac, rPois rF+ rC+
                  | AC+3}
     3 | D        | Found the +9 sword of Zonguldrok {reap}
     3 | D        | Found the cursed +13 scythe of Curses {drain, *Curse}
     3 | D        | Found the +5 sword of Power {vorpal}
     3 | D        | Found the +7 mace of Variability {chain chaos}
     3 | D        | Found the +7 Singing Sword {vorpal, sonic wave}
     3 | D        | Found the +8 storm bow {elec, penet}
     3 | D        | Found a viscous altar of Jiyva.
     3 | D        | Found a hazy altar of Hepliaklqana.
     3 | D        | Found a transporter.
     3 | D        | Found an opulent altar of Gozag.
     3 | D        | Found an ancient bone altar of Kikubaaqudgha.
     3 | D        | Found a corrupted altar of Lugonu.
     7 | D        | Found a burning altar of Makhleb.
     8 | D        | Found a stormy altar of Qazlal.
     8 | D        | Found a sacrificial altar of Ru.
     8 | D        | Found an iron altar of Okawaru.
     8 | D        | Found a shimmering blue altar of Sif Muna.
     8 | D        | Found a sparkling altar of Nemelex Xobeh.
     8 | D        | Found a bloodstained altar of Trog.
   208 | D        | Entered arena 2.
   208 | D        | Noticed a starcursed mass
   208 | D        | Found a transporter.
   211 | D        | Reached skill level 4 in Axes
   216 | D        | Killed a starcursed mass
   217 | D        | Reached skill level 10 in Fighting
   217 | D        | Reached skill level 12 in Axes
   217 | D        | Reached XP level 2. HP: 32/39 MP: 1/1
   217 | D        | Reached XP level 3. HP: 38/46 MP: 2/2
   217 | D        | Reached XP level 4. HP: 44/53 MP: 3/3
   217 | D        | Reached XP level 5. HP: 49/59 MP: 4/4
   217 | D        | Reached XP level 6. HP: 56/67 MP: 5/5
   218 | D        | Killed a starcursed mass
   218 | D        | Reached ** piety under Trog
   219 | D        | Reached skill level 14 in Axes
   219 | D        | Reached skill level 5 in Dodging
   219 | D        | Reached XP level 7. HP: 59/77 MP: 6/6
   222 | D        | Got the ring "Inasamnikk" {rN+ Int+4 Dex-4 SInv Stlth+}
   381 | D        | Entered arena 3.
   381 | D        | Noticed an air elemental
   381 | D        | Noticed an air elemental
   381 | D        | Noticed an air elemental
   381 | D        | Found a transporter.
   386 | D        | Killed an air elemental
   387 | D        | Reached XP level 8. HP: 84/85 MP: 7/7
   388 | D        | Killed an air elemental
   388 | D        | Killed an air elemental
   389 | D        | Reached skill level 15 in Axes
   389 | D        | Reached skill level 1 in Shields
   507 | D        | Entered arena 4.
   507 | D        | Found a transporter.
   510 | D        | Reached *** piety under Trog
   515 | D        | Reached skill level 16 in Axes
   515 | D        | Reached XP level 9. HP: 94/94 MP: 8/8
   686 | D        | Entered arena 5.
   686 | D        | Found a transporter.
   688 | D        | Reached **** piety under Trog
   696 | D        | Got the ring "Lal Fiu" {rF+ Will+ rCorr Slay+2 Stlth+}
   702 | D        | Entered arena 6.
   702 | D        | Noticed a deep elf mage
   702 | D        | Noticed a deep elf mage
   702 | D        | Found a transporter.
   704 | D        | Reached ***** piety under Trog
   707 | D        | Killed a deep elf mage
   707 | D        | Killed a deep elf mage
   720 | D        | Got the ring of Existentialism {rF++ EV+4}
   823 | D        | Entered arena 7.
   824 | D        | Found the amulet of the Four Winds {rN+ Will+++ Clar}
   824 | D        | Found a transporter.
   827 | D        | Reached skill level 17 in Axes
   837 | D        | Got the ring of the Morning {rN+ Str+4}
   847 | D        | Entered arena 8.
   847 | D        | Noticed a komodo dragon
   847 | D        | Noticed a cane toad
   848 | D        | Found a transporter.
   851 | D        | Killed a cane toad
   851 | D        | Reached ****** piety under Trog
   851 | D        | Received a gift from Trog
   852 | D        | Killed a komodo dragon
   853 | D        | Reached skill level 18 in Axes
   853 | D        | Reached skill level 10 in Armour
   853 | D        | Reached skill level 5 in Shields
   864 | D        | Entered arena 9.
   864 | D        | Noticed a cyclops
   864 | D        | Noticed a wind drake
   864 | D        | Noticed a cyclops
   864 | D        | Noticed a merfolk
   864 | D        | Noticed a merfolk
   865 | D        | Identified the +10 rapier of Damp Guilt {venom, +Fly rElec
                  | Str+3}
   865 | D        | Found a transporter.
   871 | D        | Noticed a hellwing
   873 | D        | Killed a merfolk
   873 | D        | Killed a merfolk
   874 | D        | Reached XP level 10. HP: 82/104 MP: 9/9
   880 | D        | Killed a cyclops
   880 | D        | Killed a cyclops
   881 | D        | Reached skill level 15 in Fighting
   902 | D        | Identified a +0 pair of boots of running (You found it in
                  | the Dungeon)
   968 | D        | Entered arena 10.
   969 | D        | Found a transporter.
   973 | D        | Received a gift from Trog
   974 | D        | Reached skill level 19 in Axes
   992 | D        | Entered arena 11.
   992 | D        | Noticed a black mamba
   992 | D        | Noticed a black mamba
   993 | D        | Found a transporter.
   997 | D        | Killed a black mamba
   997 | D        | Killed a black mamba
   998 | D        | Received a gift from Trog
  1006 | D        | Reached skill level 1 in Stealth
  1021 | D        | Entered arena 12.
  1021 | D        | Noticed a vault guard
  1021 | D        | Noticed a vault guard
  1021 | D        | Noticed a lich
  1021 | D        | Noticed a vault guard
  1022 | D        | Noticed a shadow dragon
  1022 | D        | Noticed a vault guard
  1022 | D        | Noticed a vault guard
  1022 | D        | Noticed a stone giant
  1023 | D        | Noticed a vault guard
  1024 | D        | Found a transporter.
  1029 | D        | Killed a lich
  1029 | D        | Received a gift from Trog
  1029 | D        | Killed a vault guard
  1030 | D        | Reached skill level 20 in Axes
  1030 | D        | Reached XP level 11. HP: 114/114 MP: 10/10
  1031 | D        | Killed a shadow dragon
  1032 | D        | Reached skill level 21 in Axes
  1032 | D        | Killed a vault guard
  1036 | D        | Killed a stone giant
  1037 | D        | Reached skill level 1 in Evocations
  1040 | D        | Killed a vault guard
  1041 | D        | Killed a vault guard
  1048 | D        | Killed a vault guard
  1048 | D        | Received a gift from Trog
  1049 | D        | Reached skill level 22 in Axes
  1053 | D        | Killed a vault guard
  1149 | D        | Entered arena 13.
  1149 | D        | Noticed a merfolk javelineer
  1149 | D        | Noticed a satyr
  1149 | D        | Noticed a merfolk javelineer
  1149 | D        | Noticed a merfolk javelineer
  1149 | D        | Noticed an alligator snapping turtle
  1150 | D        | Identified the amulet of the Castellan {Acrobat rF+}
  1150 | D        | Noticed a merfolk impaler
  1155 | D        | Found a transporter.
  1159 | D        | Killed a merfolk javelineer
  1159 | D        | Killed a satyr
  1159 | D        | Received a gift from Trog
  1160 | D        | Reached XP level 12. HP: 125/125 MP: 11/11
  1162 | D        | Killed a merfolk javelineer
  1163 | D        | Killed a merfolk impaler
  1164 | D        | Killed an alligator snapping turtle
  1168 | D        | Killed a merfolk javelineer
  1300 | D        | Entered arena 14.
  1301 | D        | Noticed a two-headed ogre
  1301 | D        | Noticed a two-headed ogre
  1301 | D        | Noticed a two-headed ogre
  1301 | D        | Noticed a two-headed ogre
  1301 | D        | Noticed a two-headed ogre
  1302 | D        | Noticed a frost giant
  1302 | D        | Identified the ring of Xom's Supremacy {Will+ EV+4}
  1302 | D        | Noticed a frost giant
  1304 | D        | Found a transporter.
  1307 | D        | Received a gift from Trog
  1307 | D        | Killed a two-headed ogre
  1308 | D        | Reached skill level 23 in Axes
  1308 | D        | Reached skill level 5 in Stealth
  1310 | D        | Reached skill level 15 in Shields
  1311 | D        | Killed a frost giant
  1312 | D        | Killed a two-headed ogre
  1312 | D        | Received a gift from Trog
  1315 | D        | Killed a frost giant
  1319 | D        | Killed a two-headed ogre
  1320 | D        | Killed a two-headed ogre
  1320 | D        | Killed a two-headed ogre
  1320 | D        | Received a gift from Trog
  1445 | D        | Entered arena 15.
  1446 | D        | Noticed a black draconian
  1446 | D        | Noticed a death cob
  1446 | D        | Noticed a black draconian
  1446 | D        | Noticed a black draconian
  1446 | D        | Noticed a tentacled monstrosity
  1446 | D        | Noticed a tentacled monstrosity
  1446 | D        | Noticed a black draconian
  1446 | D        | Noticed a purple draconian
  1446 | D        | Noticed a green draconian
  1447 | D        | Noticed a yellow draconian
  1447 | D        | Noticed a yellow draconian
  1447 | D        | Noticed a white draconian
  1447 | D        | Noticed a green draconian
  1456 | D        | Killed a death cob
  1456 | D        | Killed a black draconian
  1457 | D        | Killed a purple draconian
  1458 | D        | Reached XP level 13. HP: 86/137 MP: 12/12
  1459 | D        | Killed a green draconian
  1459 | D        | Killed a tentacled monstrosity
  1459 | D        | Killed a black draconian
  1460 | D        | Reached skill level 15 in Armour
  1462 | D        | Killed a black draconian
  1462 | D        | Killed a white draconian
  1462 | D        | Killed a tentacled monstrosity
  1462 | D        | Received a gift from Trog
  1463 | D        | Reached skill level 24 in Axes
  1463 | D        | Found a transporter.
  1464 | D        | Killed a black draconian
  1465 | D        | Killed a yellow draconian
  1467 | D        | Killed a green draconian
  1472 | D        | Killed a yellow draconian
  1472 | D        | HP: 10/210 [poisoned by you (poison gas)]
  1474 | D        | HP: 2/210 [poisoned by you (poison gas)]
  1475 | D        | Succumbed to their own poison gas

Illustrated notes

Levels and vault maps discovered:
D:        sprint_v [room_start, room_1, room_2, room_3, room_4, room_5, room_6,
          room_7, room_8, room_9, room_10, room_11, room_12, room_13, room_14,
          room_15, room_16, room_17, room_18, room_19, room_20, room_21,
          room_22, room_23, room_24, room_25, room_26, room_27]

Skill      XL: |  1  2  3  4  5  6  7  8  9 10 11 12 13 |
---------------+----------------------------------------+-----
Fighting       | 10 12 13 14 16 17 19 20 | 20.4
Axes           | 12 14 16 18 20 22 23 24 | 24.3
Armour         | 6 7 8 10 13 14 16 | 16.9
Dodging        | 4 5 6 7 |  7.0
Shields        | 2 6 11 14 16 18 | 18.5
Stealth        | 1 3 8 9 |  9.8
Evocations     | 1 3 4 |  4.3

Action                   |  1- 3 |  4- 6 |  7- 9 | 10-12 | 13-15 || total
-------------------------+-------+-------+-------+-------+-------++-------
Melee: Broad axe         |     6 |     2 |    29 |    68 |    12 ||   117
       Headbutt          |     1 |       |     5 |    16 |     5 ||    27
Invok: Berserk           |     1 |       |     4 |     3 |       ||     8
Evoke: Condenser vane    |       |       |       |     4 |       ||     4
       Tin of tremorston |       |       |       |     2 |       ||     2
 Stab: Distracted        |       |       |       |     1 |       ||     1
       Confused          |       |       |       |     7 |       ||     7
Armor: Plate armour      |       |       |    16 |    47 |     5 ||    68
Dodge: Dodged            |       |       |     5 |     6 |       ||    11
Block: Kite shield       |       |       |    55 |    86 |    19 ||   160

Table legend: (Time is in decaauts)
 A = Elapsed time spent in this place.
 B = Non-inter-level travel time spent in this place.
 C = Inter-level travel time spent in this place.
 D = Time resting spent in this place.
 E = Time spent auto-exploring this place.
 F = Levels seen in this place.
 G = Mean time per level.
                   A        B        C        D        E       F      G
               +--------+--------+--------+--------+--------+-----+--------+
         Total |   1518 |   1518 |      0 |   1025 |      0 |   1 | 1518.0 |
       Dungeon |   1518 |   1518 |      0 |   1025 |      0 |   1 | 1518.0 |
               +--------+--------+--------+--------+--------+-----+--------+

Top non-repeatable levels by time:
       D: 1518 daAuts
